 Dungeon Crawl Stone Soup version 0.30-a0-757-ga6a79fd877 (webtiles) character file.

Game seed: 10271267768811594703

548 Newt the Skirmisher (level 7, -1/66 HPs)
             Began as a Kobold Hunter on Feb 9, 2023.
             Slain by Duvessa
             ... wielding a +0 short sword
              (6 damage)
             ... on level 4 of the Dungeon.
             The game lasted 00:04:12 (3778 turns).

Newt the Skirmisher (Kobold Hunter)                 Turns: 3778, Time: 00:04:12

Health: -1/66      AC: 23    Str:  8    XL:     7   Next: 53%
Magic:  7/7        EV:  3    Int: 10    God:
Gold:   200        SH:  0    Dex: 21    Spells: 6/6 levels left

rFire   . . .      SeeInvis .    a - +0 shortbow
rCold   . . .      Faith    .    (shield currently unavailable)
rNeg    . . .      Spirit   .    (body armour currently unavailable)
rPois   +          Reflect  .    (helmet currently unavailable)
rElec   .          Harm     .    (cloak currently unavailable)
rCorr   .          Rampage  .    (gloves currently unavailable)
Will    .....      NoTele   +    (boots currently unavailable)
Stlth   +++                      (no amulet)
HPRegen 0.31/turn                (no ring)
MPRegen 0.10/turn                (no ring)

@: tree-form, hasted, invisible, very quick
A: stationary, stasis, torment immunity, boosted hp, small, no large weapons,
nightstalker 3
a: no special abilities


You were on level 4 of the Dungeon.
You were a tree.
You visited 1 branch of the dungeon, and saw 4 of its levels.
You also visited: Sewer.

You collected 200 gold pieces.

Inventory:

Hand Weapons
 a - a +0 shortbow (weapon)
 i - a +0 sling
Missiles
 n - a throwing net
Armour
 c - a +1 leather armour (melded)
Wands
 m - a wand of flame (1)
Scrolls
 b - a scroll of immolation
 j - a scroll of teleportation
 p - a scroll of magic mapping
 r - a scroll of fog {unknown}
Potions
 f - a potion of lignification
 g - a potion of curing
 h - a potion of degeneration {unknown}
 k - a potion of brilliance {unknown}
 l - a potion of resistance
 o - 2 potions of heal wounds {unknown}
 q - 2 potions of mutation {unknown}


   Skills:
 - Level 5.0 Fighting
 + Level 9.8 Ranged Weapons
 - Level 2.4 Dodging
 - Level 1.3 Stealth


You had 6 spell levels left.
You didn't know any spells.
Your spell library was empty.

Dungeon Overview and Level Annotations

Branches:
Dungeon (4/15)              Sewer (visited)
 Temple: D:4-7

Altars:
Gozag

Annotations:
D:2 1 runed translucent door, Crazy Yiuf
D:4 Duvessa


Innate Abilities, Weirdness & Mutations

You are a tree.
Your roots penetrate the ground, keeping you stationary.
You cannot be teleported.
You are immune to unholy pain and torment.
Your maximum health is greatly increased.
Your equipment is partially melded.
You are small and have problems with some larger weapons.
You are completely attuned to the shadows.


Message History

The goblin is moderately wounded.
The goblin hits you but does no damage.
Fire: a) +0 shortbow
Press: ? - help, Shift-Dir - straight line, f/p - Duvessa
Aim: Duvessa, wielding a +0 short sword and wearing a +0 leather armour (berserk, fast, 71% to hit)
You shoot an arrow. The arrow closely misses the goblin.
The arrow hits Duvessa but does no damage.
Duvessa rages.
The goblin hits you with a +0 club.
Duvessa rages.
Fire: a) +0 shortbow
Press: ? - help, Shift-Dir - straight line, f/p - Duvessa
Aim: Duvessa, wielding a +0 short sword and wearing a +0 leather armour (berserk, fast, 71% to hit)
You shoot an arrow. The arrow hits the goblin!
You kill the goblin!
A necrophage comes into view.
Fire: a) +0 shortbow
Press: ? - help, Shift-Dir - straight line, f/p - Duvessa
Aim: Duvessa, wielding a +0 short sword and wearing a +0 leather armour (berserk, fast, 71% to hit)
You shoot an arrow. The arrow hits Duvessa!
Duvessa is moderately wounded.
Duvessa completely misses you. Duvessa closely misses you.
You feel yourself speed up. Duvessa hits you with a +0 short sword!
Duvessa attacks as you move away! Duvessa closely misses you.
Duvessa rages.
Duvessa attacks as you move away! Duvessa barely misses you.
Duvessa attacks as you move away! Duvessa hits you with a +0 short sword!
* * * LOW HITPOINT WARNING * * *
You feel better. Duvessa hits you with a +0 short sword!
* * * LOW HITPOINT WARNING * * *
Duvessa hits you with a +0 short sword.
* * * LOW HITPOINT WARNING * * *
You fade into invisibility!
The orc wizard gestures at you while chanting.
The magic dart hits Duvessa.
Really quaff the potion of lignification?
You turn into a tree.
Your +1 leather armour melds into your body.
Your roots penetrate the ground.
Duvessa hits you with a +0 short sword.
You die...

.).# )n# #)# #.#
#n## #.o# ##.#
#e# #♣## #..#
##.# #.## #..#
#..# #..#
###.########
#####....#.....#


You could see Duvessa (berserk, fast, unable to see you), a necrophage (unable
to see you) and an orc wizard (unable to see you).

Vanquished Creatures
  3 kobold brigands (Sewer)
  Dowan (D:4)
  A hound (D:4)
  Ijyb (D:4)
  4 gnolls
  9 adders
  2 ufetubi (D:4)
  A worm (D:4)
  A dart slug (D:4)
  5 orcs
  7 ball pythons
  10 bats
  4 endoplasms
  5 giant cockroaches
  10 goblins
  7 hobgoblins
  5 jackals
  3 quokkas
  5 frilled lizards
  11 kobolds
  9 rats
104 creatures vanquished.

Vanquished Creatures (others)
  4 plants (Sewer)
4 creatures vanquished.

Grand Total: 108 creatures vanquished

Notes
Turn   | Place    | Note
-------+----------+-------------------------------------------
     0 | D:1      | Newt the Kobold Hunter began the quest for the Orb.
     0 | D:1      | Reached XP level 1. HP: 12/12 MP: 1/1
    96 | D:1      | Reached XP level 2. HP: 18/18 MP: 2/2
   334 | D:1      | Reached XP level 3. HP: 23/23 MP: 3/3
   712 | D:2      | Reached XP level 4. HP: 15/30 MP: 4/4
   940 | D:1      | Reached skill level 5 in Fighting
  1159 | D:2      | Reached XP level 5. HP: 35/35 MP: 5/5
  1507 | D:2      | Found a runed translucent door.
  1510 | D:2      | Noticed Crazy Yiuf
  2034 | D:3      | Found a faded altar of an unknown god.
  2053 | D:3      | Reached skill level 6 in Ranged Weapons
  2182 | D:3      | Found an opulent altar of Gozag.
  2574 | D:4      | Noticed Ijyb
  2768 | D:4      | Killed Ijyb
  2799 | D:4      | Reached skill level 7 in Ranged Weapons
  2799 | D:4      | Reached XP level 6. HP: 34/40 MP: 6/6
  2996 | D:4      | Found a glowing drain.
  3004 | Sewer    | Entered a sewer
  3167 | Sewer    | Reached skill level 8 in Ranged Weapons
  3348 | Sewer    | Reached skill level 9 in Ranged Weapons
  3348 | Sewer    | Reached XP level 7. HP: 27/44 MP: 7/7
  3754 | D:4      | Noticed Dowan
  3756 | D:4      | Noticed Duvessa
  3765 | D:4      | Killed Dowan
  3775 | D:4      | HP: 1/44 [Duvessa/+0 short sword (14)]
  3778 | D:4      | Slain by Duvessa

Illustrated notes

Levels and vault maps discovered:
D:1:      mrwooster_arrival_statue_2, layout_loops_ring
D:2:      layout_rooms, uniq_crazy_yiuf_cottage
D:3:      layout_basic, nicolae_overflow_hidden_temple,
          hellmonk_ecumenical_altar_zigzags
D:4:      layout_cave_pods, temple_doors_e, gup_sewer_entry_bubbles,
          uniq_eustachio, uniq_duvessa, uniq_ijyb

Skill      XL: |  1  2  3  4  5  6 |
---------------+-------------------+-----
Fighting       | 3 4 5 |  5.0
Ranged Weapons | 7 9 |  9.8
Dodging        | |  2.4
Stealth        | |  1.3

Action                     |  1- 3 |  4- 6 |  7- 9 || total
---------------------------+-------+-------+-------++-------
   Fire: Shortbow          |    69 |   175 |    38 ||   282
    Use: Scroll            |     2 |     7 |       ||     9
         Potion            |       |     1 |     4 ||     5
 Armour: Leather armour    |     2 |    14 |     7 ||    23
  Dodge: Dodged            |    33 |    75 |    15 ||   123

Table legend: (Time is in decaauts)
 A = Elapsed time spent in this place.
 B = Non-inter-level travel time spent in this place.
 C = Inter-level travel time spent in this place.
 D = Time resting spent in this place.
 E = Time spent auto-exploring this place.
 F = Levels seen in this place.
 G = Mean time per level.
                   A        B        C        D        E       F      G
               +--------+--------+--------+--------+--------+-----+--------+
         Total |   3960 |   3878 |     82 |    409 |   2760 |   5 |  792.0 |
       Dungeon |   3181 |   3099 |     82 |    409 |   2131 |   4 |  795.2 |
         Sewer |    778 |    778 |      0 |      0 |    628 |   1 |  778.0 |
               +--------+--------+--------+--------+--------+-----+--------+

Top non-repeatable levels by time:
     D:3: 1061 daAuts
     D:1: 941 daAuts
     D:2: 793 daAuts
   Sewer: 778 daAuts
     D:4: 384 daAuts
